 Dungeon Crawl Stone Soup version 0.24-a0-459-g225fefd530 (webtiles) character file.

Game seed: 2188185912787960375

5512 Craser22 the Severer (level 10, -8/127 (129) HPs)
             Began as a Minotaur Berserker on June 28, 2019.
             Was a High Priest of Trog.
             Mangled by a two-headed ogre
             ... wielding a +0 dire flail
              (18 damage)
             ... on level 8 of the Dungeon.
             The game lasted 00:26:02 (9000 turns).

Craser22 the Severer (Minotaur Berserker)           Turns: 9000, Time: 00:26:02

HP:   -8/127 (129)  AC: 13    Str: 27    XL:     10   Next: 43%
MP:   9/9           EV:  8    Int:  4    God:    Trog [*****.]
Gold: 120           SH:  0    Dex: 13    Spells: 9/9 levels left

rFire    . . .     SeeInvis .   a - +2 battleaxe (elec)
rCold    . . .     Gourm    .   (shield currently unavailable)
rNeg     . . .     Faith    .   L - +0 plate armour
rPois    .         Spirit   .   (helmet restricted)
rElec    .         Reflect  .   (no cloak)
rCorr    .         Harm     .   (no gloves)
MR       .....                  (no boots)
Stlth    ..........             (no amulet)
HPRegen  0.31/turn              (no ring)
MPRegen  0.11/turn              (no ring)

@: berserking, very quick
A: retaliatory headbutt, horns 2
a: Berserk, Trog's Hand, Brothers in Arms, Renounce Religion


You were on level 8 of the Dungeon.
You worshipped Trog.
Trog was extremely pleased with you.
You were very hungry.

You visited 1 branch of the dungeon, and saw 9 of its levels.
You also visited: Sewer.

You collected 402 gold pieces.
You spent 282 gold pieces at shops.


Innate Abilities, Weirdness & Mutations

You reflexively headbutt those who attack you in melee.
You have a pair of horns on your head.


   Skills:
 - Level 7.2 Fighting
 + Level 15.8 Axes
 - Level 6.6 Armour
 - Level 2.1 Dodging


You had 9 spell levels left.
You didn't know any spells.
Your spell library was empty.

Inventory:

Hand Weapons
 a - a +2 battleaxe of electrocution (weapon)
 I - a +1 morningstar of holy wrath
Missiles
 b - 157 stones (quivered)
 E - 8 silver boomerangs
Armour
 l - a scarf of repulsion
 L - a +0 plate armour (worn)
Jewellery
 q - an uncursed amulet of the acrobat {unknown}
 v - an uncursed ring of protection from fire {unknown}
 F - an uncursed ring of protection from magic {unknown}
 J - an uncursed ring of protection from fire {unknown}
Wands
 w - a wand of digging (8)
 y - a wand of paralysis (10)
Scrolls
 e - 4 scrolls of enchant armour {unknown}
 g - 4 scrolls of magic mapping {unknown}
 i - 2 scrolls of amnesia {unknown}
 k - 2 scrolls of blinking {unknown}
 n - a scroll of random uselessness {unknown}
 o - 4 scrolls of identify {unknown}
 p - 6 scrolls of teleportation {unknown}
 s - 2 scrolls of immolation {unknown}
 B - 3 scrolls of fog {unknown}
 C - 3 scrolls of fear {unknown}
Potions
 d - 4 potions of heal wounds {unknown}
 h - 2 potions of haste {unknown}
 j - 5 potions of curing {unknown}
 m - 2 potions of lignification {unknown}
 r - a potion of cancellation {unknown}
 t - a potion of brilliance {unknown}
 u - 2 potions of invisibility {unknown}
 z - 3 potions of degeneration {unknown}
 A - 3 potions of might {unknown}
 D - a potion of magic {unknown}
 G - a potion of ambrosia {unknown}
 H - a potion of flight {unknown}
Comestibles
 c - 9 rations
 f - 2 chunks of flesh

Dungeon Overview and Level Annotations

Branches:
Dungeon (9/15)             Temple (0/1) D:5
   Lair: D:8-11         Orc: D:9-12

Altars:
Dithmenos
Elyvilon
Fedhas
Makhleb
Qazlal
Uskayaw
Vehumet
Xom

Shops:
D:4 ( D:7

( ▒▒....▒▒▒▒.▒▒ ▒..▒...▒..
▒......▒....▒▒▒▒.........
▒▒............▒▒.▒.....▒▒
▒▒▒......▒▒..▒▒▒....▒.▒▒
▒▒▒....▒...▒▒.....▒.▒▒
▒..▒▒▒▒...........▒▒
▒▒...▒▒.....▒▒....▒.
▒▒▒▒o▒▒▒▒▒▒.▒▒▒.▒▒...
▒▒..)H▒....▒...▒▒▒▒...
▒▒...OJ▒....▒......▒▒.▒
▒▒▒....▒▒▒....▒▒..▒..▒▒..
▒....▒▒▒ ▒........▒.....▒ ▒...▒▒
▒▒▒▒▒▒▒▒...▒▒.....
▒▒▒▒...▒▒▒▒....▒.▒▒......... ▒▒▒
▒.▒▒.........▒....▒▒.....▒▒.
▒.▒▒▒..(.......▒.▒▒▒..▒▒▒.......
▒▒.▒▒.............▒
▒...▒........


You could see a slime creature, a two-headed ogre and an orc warrior.


Message History

The two-headed ogre hits you with a +0 dire flail!
* * * LOW HITPOINT WARNING * * *
The two-headed ogre hits you with a +0 giant spiked club.
* * * LOW HITPOINT WARNING * * *
The orc priest calls down the wrath of Beogh upon you.
Pain shoots through your body!
* * * LOW HITPOINT WARNING * * *
You climb upwards.
There is a stone staircase leading down here.
Unknown command.
Use which ability? (? or * to list)
A red film seems to cover your vision as you go berserk!
You feel yourself moving faster!
You feel mighty!
You are feeling very hungry.
The slime creature hits you.
* * * LOW HITPOINT WARNING * * *
The orc warrior hits you with a +0 scimitar!
* * * LOW HITPOINT WARNING * * *
You slice the two-headed ogre!! You headbutt the two-headed ogre!!
The two-headed ogre is almost dead.
Your plate armour prevents you from hitting the orc warrior.
You slash the slime creature! The slime creature hits you!
* * * LOW HITPOINT WARNING * * *
The two-headed ogre hits you with a +0 dire flail.
* * * LOW HITPOINT WARNING * * *
The two-headed ogre hits you with a +0 giant spiked club!!
You die...

Action                   |  1- 3 |  4- 6 |  7- 9 | 10-12 || total
-------------------------+-------+-------+-------+-------++-------
Melee: Hand axe          |    77 |   177 |   338 |       ||   592
       Headbutt          |     9 |    38 |    63 |    14 ||   124
       Battleaxe         |       |       |    23 |    58 ||    81
Invok: Berserk           |       |     1 |     5 |     1 ||     7
  Eat: Chunk             |       |     8 |    13 |     3 ||    24
       Ration            |       |       |     2 |       ||     2
Armor: Chain mail        |    47 |    70 |   127 |       ||   244
       Animal skin       |     1 |       |       |       ||     1
       Plate armour      |       |       |       |    51 ||    51
Dodge: Dodged            |    41 |    48 |   111 |    20 ||   220

Levels and vault maps discovered:
D:1:      minmay_arrival_four_houses, layout_loops_ring, minmay_ruptured
D:2:      layout_basic, lemuel_coloured_pillars_altar,
          nicolae_dithmenos_shadow_blocks, uniq_natasha, uniq_terence
D:3:      layout_rooms
D:4:      layout_loops_ring, first_ration, serial_shops, shop, fountainhead
D:5:      layout_basic, minmay_temple_entry_statues, basic_altar
D:6:      layout_cave_pools, nicolae_overflow_hidden_temple,
          lemuel_crystal_altar, gup_sewer_entry_pipe,
          hellmonk_ghost_happy_afterlife
D:7:      layout_loops_corners, grunt_temple_overflow_open, serial_shops, shop,
          uniq_pikel
D:8:      layout_cave_pools, grunt_temple_overflow_forces_of_nature,
          special_room [special_room_orc]
D:9:      layout_rooms, lemuel_blue_sif_altar, uniq_erica, uniq_erolcha,
          uniq_grum

Notes
Turn   | Place    | Note
-------+----------+-------------------------------------------
     0 | D:1      | Craser22 the Minotaur Berserker began the quest for the
                  | Orb.
     0 | D:1      | Reached XP level 1. HP: 19/19 MP: 0/0
    26 | D:1      | Reached skill level 4 in Axes
    61 | D:1      | Reached XP level 2. HP: 17/26 MP: 1/1
   455 | D:1      | Reached skill level 5 in Axes
   457 | D:1      | Reached ** piety under Trog
   462 | D:1      | Reached XP level 3. HP: 30/31 MP: 2/2
   892 | D:2      | Found a shadowy altar of Dithmenos.
   906 | D:2      | Noticed Natasha
   917 | D:2      | Killed Natasha
   917 | D:2      | Reached skill level 6 in Axes
   917 | D:2      | Reached XP level 4. HP: 28/39 MP: 3/3
  1166 | D:2      | Noticed Terence
  1176 | D:2      | Killed Terence
  1575 | D:2      | Noticed Natasha
  1581 | D:2      | Killed Natasha
  1581 | D:2      | Reached skill level 7 in Axes
  1581 | D:2      | Reached XP level 5. HP: 28/45 MP: 4/4
  1705 | D:2      | Noticed Natasha
  1709 | D:2      | Killed Natasha
  1725 | D:2      | Found a white marble altar of Elyvilon.
  2112 | D:3      | Reached skill level 8 in Axes
  2383 | D:3      | Reached XP level 6. HP: 51/51 MP: 5/5
  2454 | D:3      | Reached *** piety under Trog
  3036 | D:4      | Found Jiplum's Antique Weapon Shop.
  3168 | D:4      | Reached skill level 9 in Axes
  3337 | D:4      | Reached XP level 7. HP: 50/57 MP: 6/6
  3689 | D:4      | Reached skill level 10 in Axes
  3850 | D:5      | Entered Level 5 of the Dungeon
  4245 | D:5      | Reached skill level 11 in Axes
  4522 | D:5      | Found a burning altar of Makhleb.
  4784 | D:5      | Reached XP level 8. HP: 63/63 MP: 7/7
  4886 | D:5      | Found a staircase to the Ecumenical Temple.
  5359 | D:6      | Reached skill level 12 in Axes
  5653 | D:6      | Found a runed translucent door.
  5656 | D:6      | Noticed Kisielow's ghost (novice GrFi)
  5664 | D:6      | Reached **** piety under Trog
  5682 | D:6      | Received a gift from Trog
  5687 | D:6      | Found a glowing drain.
  5714 | Sewer    | Entered a sewer
  6060 | Sewer    | Reached skill level 13 in Axes
  6424 | D:6      | Found a hide-covered altar of Uskayaw.
  6581 | D:6      | Killed Kisielow's ghost
  6581 | D:6      | Reached skill level 14 in Axes
  6581 | D:6      | Reached XP level 9. HP: 69/69 MP: 8/8
  6651 | D:7      | Noticed Pikel
  6659 | D:7      | Killed Pikel
  6659 | D:7      | Reached skill level 4 in Fighting
  6659 | D:7      | Reached skill level 4 in Armour
  6730 | D:7      | Reached skill level 5 in Fighting
  6808 | D:7      | Noticed a two-headed ogre
  6817 | D:7      | Killed a two-headed ogre
  6817 | D:7      | Reached skill level 6 in Fighting
  6817 | D:7      | Reached skill level 6 in Armour
  7213 | D:7      | Reached skill level 7 in Fighting
  7262 | D:7      | Found a radiant altar of Vehumet.
  7264 | D:7      | Found a shimmering altar of Xom.
  7296 | D:7      | Found Pajiwug's Weapon Emporium.
  7304 | D:7      | Bought a +2 battleaxe of electrocution for 282 gold pieces
  7727 | D:8      | Found a blossoming altar of Fedhas.
  7847 | D:8      | Found a stormy altar of Qazlal.
  7979 | D:8      | Reached XP level 10. HP: 47/85 MP: 9/9
  8349 | D:8      | Noticed a manticore
  8362 | D:8      | Killed a manticore
  8561 | D:8      | Reached ***** piety under Trog
  8636 | D:8      | Reached skill level 15 in Axes
  8825 | D:9      | Noticed a two-headed ogre
  9000 | D:8      | HP: 11/127 [slime creature (16)]
  9000 | D:8      | Mangled by a two-headed ogre

Vanquished Creatures
  A two-headed ogre (D:7)
  Pikel (D:7)
  A manticore (D:8)
  The ghost of Kisielow the Cudgeler, a novice GrFi (D:6)
  A hippogriff (D:9)
  4 yaks (D:9)
  A water moccasin (D:7)
  3 sky beasts
  An orc warrior (D:8)
  A phantom (D:4)
  3 ice beasts
  A black bear (D:8)
  A necrophage (D:5)
  2 centaurs
  2 ogres
  3 bullfrogs
  A gnoll sergeant (D:9)
  A wyvern zombie (D:8)
  A scorpion (D:4)
  3 crimson imps
  2 bullfrog zombies
  2 quasits (D:8)
  2 hounds
  2 bullfrog skeletons
  2 orc wizards (D:4)
  A centaur skeleton (D:6)
  3 orc priests
  Terence (D:2)
  An iguana (D:8)
  Natasha (thrice) (D:2)
  2 worker ants
  A hound skeleton (D:5)
  18 gnolls
  16 adders
  6 river rats (Sewer)
  2 oozes (Sewer)
  4 worms
  4 dart slugs
  9 leopard geckos
  27 orcs
  9 bats
  9 giant cockroaches
  8 goblins
  5 hobgoblins
  4 jackals
  3 quokkas
  13 ball pythons
  9 frilled lizards
  A giant cockroach zombie (D:5)
  8 kobolds
  A leopard gecko skeleton (D:4)
  30 rats
241 creatures vanquished.

Vanquished Creatures (others)
  An ogre (D:7)
  A hound (D:7)
2 creatures vanquished.

Grand Total: 243 creatures vanquished
